 Dungeon Crawl Stone Soup version 0.22-a0-192-g6ffc940 (webtiles) character file.

8 4thArraOfDagon the Magician (level 2, -3/12 HPs)
             Began as a Felid Wanderer on Feb 16, 2018.
             Slain by a sky beast (6 damage)
             ... on level 2 of the Dungeon.
             The game lasted 00:01:10 (197 turns).

4thArraOfDagon the Magician (Felid Wanderer)         Turns: 197, Time: 00:01:10

Health: -3/12      AC:  1    Str: 10    XL:     2   Next: 0%
Magic:  8/8        EV: 16    Int: 13    God:
Gold:   43         SH:  0    Dex: 13    Spells: 9/9 levels left
                                        Lives:  0   Deaths: 0

rFire    . . .     SeeInvis +     - Unarmed
rCold    . . .     Gourm    .   (shield unavailable)
rNeg     . . .     Faith    .   (armour unavailable)
rPois    .         Spirit   .   (helmet unavailable)
rElec    .         Reflect  .   (cloak unavailable)
rCorr    .         Harm     .   (gloves unavailable)
MR       .....                  (boots unavailable)
Stlth    +++.......             (no amulet)
HPRegen  0.04/turn              (no ring)
MPRegen  0.11/turn              (no ring)

@: quick
A: very small, no armour, no weapons or thrown items, stealth, claws 1, fangs 3,
see invisible, carnivore, speed 1, shaggy fur 1, slow metabolism 1, sharp paws
a: no special abilities


You were on level 2 of the Dungeon.
You were not hungry.

You visited 1 branch of the dungeon, and saw 2 of its levels.

You collected 43 gold pieces.

Inventory:

Scrolls
 b - a scroll of teleportation
 f - 2 scrolls of identify {unknown}
Books
 a - a book of Minor Magic

   Spells                             Type                      Level
   a - Magic Dart                     Conjuration                  1
   b - Blink                          Translocation                2
   c - Call Imp                       Summoning                    2
   d - Slow                           Hexes                        2
   e - Conjure Flame                  Conjuration/Fire             3
   f - Mephitic Cloud                 Conjuration/Poison/Air       3
Comestibles
 d - a ration


   Skills:
 - Level 1.0 Fighting
 + Level 0.9 Dodging
 + Level 3.0 Stealth
 * Level 2.4 Unarmed Combat
 - Level 4.0 Spellcasting
   Level 1.0 Summonings


You had 9 spell levels left.
You didn't know any spells.

Dungeon Overview and Level Annotations

Branches:
Dungeon (2/15)

Altars:


Innate Abilities, Weirdness & Mutations

You cannot wear armour.
You are incapable of wielding weapons or throwing items.
Your paws allow you to move quietly. (Stealth)
You have sharp claws.
You have razor-sharp teeth.
You have supernaturally acute eyesight. (SInv)
You are carnivorous and can eat meat at any time.
You cover ground quickly.
You are covered in fur. (AC +1)
You have a slow metabolism.
Your sharp claws are effective at attacking unaware monsters.


Message History

The sky beast is severely wounded.
The sky beast hits you. The sky beast shocks you.
Ouch! That really hurt!
Unknown command.
You scratch the sky beast.
The sky beast is almost dead.
The sky beast misses you.
Unknown command.
You scratch the sky beast but do no damage.
The sky beast is almost dead.
The sky beast flickers out of sight for a moment.
The sky beast misses you.
Unknown command.
You scratch the sky beast but do no damage.
The sky beast is almost dead.
The sky beast hits you.
* * * LOW HITPOINT WARNING * * *
The sky beast shocks you.
Ouch! That really hurt!
You die...

...# #............
###..# #............ #
....# #........####
#.##..###...........#
#.........#.#.#####.#
#.........#...# #
#.#.#######...# #
##?#.#.#Y## #...# #
.......@..######...###.#
.#...............[.....#
..........########.#####
##......(.# .# #
.......#### .# # #######
.# # # # #


You could see a sky beast.

Vanquished Creatures
  A bat (D:1)
  A giant cockroach (D:1)
  2 kobolds (D:1)
  A frilled lizard (D:1)
  3 rats (D:1)
8 creatures vanquished.

Notes
Turn   | Place    | Note
-------+----------+-------------------------------------------
     0 | D:1      | 4thArraOfDagon the Felid Wanderer began the quest for the Orb.
     0 | D:1      | 4thArraOfDagon set off with: a book of Minor Magic, a scroll of teleportation, a potion of curing, a ration
     0 | D:1      | Reached XP level 1. HP: 9/9 MP: 6/6
   130 | D:1      | Reached XP level 2. HP: 6/12 MP: 8/8
   165 | D:2      | Noticed a sky beast
   197 | D:2      | Slain by a sky beast

Vault maps used:
D:1:      dpeg_arrival_shrine, minivault_27
D:2:      brannock_xom_greatest_gift, minmay_misc_feat_alley

Skill      XL: |  1 |
---------------+----+-----
Stealth        | 3 |  3.0
Fighting       | |  1.0
Dodging        | |  0.9
Unarmed Combat | |  2.4
Spellcasting   | |  4.0
Summonings     | |  1.0

Action                   || total
-------------------------++-------
Melee: Unarmed           ||    28
       Bite              ||     2
  Use: Potion            ||     3
 Stab: Sleeping          ||     4
Armor: Skin              ||     1
Dodge: Dodged            ||    15

Table legend:
 A = Spawn XP
 B = Non-spawn XP
 C = Spawn XP percentage of total XP
 D = Spawn monster count
 E = Non-spawn monster count
 F = Spawn count percentage of total count
 G = Total turns spent on level
                    A         B        C        D         E        F      G
               +---------+---------+-------+---------+---------+-------+---------
         Total |       0 |      12 |   0.0 |       0 |       8 |   0.0 |   197
               +---------+---------+-------+---------+---------+-------+---------
           D:1 |       0 |      12 |   0.0 |       0 |       8 |   0.0 |   144
               +---------+---------+-------+---------+---------+-------+---------
